 Dungeon Crawl Stone Soup version 0.17-a0-2208-ge5ab1d3 (webtiles) character file.

130031 tp1 the Eclecticist (level 16, 0/130 HPs)
             Began as a Deep Elf Conjurer on Oct 25, 2015.
             Was the Champion of Vehumet.
             Killed by divine providence
             ... invoked by a deep elf priest
              (9 damage)
             ... on level 1 of the Elven Halls on Oct 26, 2015.
             The game lasted 07:48:53 (44519 turns).

tp1 the Eclecticist (Deep Elf Conjurer)            Turns: 44519, Time: 07:48:56

Health: 0/130      AC: 28    Str:  5    XL:     16   Next: 52%
Magic:  51/51      EV:  2    Int: 33    God:    Vehumet [******]
Gold:   1949       SH:  0    Dex: 15    Spells: 11 memorised, 7 levels left

rFire  . . .     SeeInvis .     N - staff of wizardry
rCold  . . .     Clarity  .     (armour currently unavailable)
rNeg   + + +     SustAt   .     (no shield)
rPois  +         Gourm    .     (helmet currently unavailable)
rElec  .         Spirit   .     (cloak currently unavailable)
rCorr  .         Warding  .     (gloves currently unavailable)
rMut   .         NoTele   +     (boots currently unavailable)
MR     +....                    (no amulet)
Stlth  +++++.....               B - ring of magical power
                                H - +5 ring of intelligence

@: lethally poisoned (0 -> -3), tree-form, somewhat resistant to hostile
enchantments, quite stealthy
A: (yellow scales 0)
a: Renounce Religion


You were on level 1 of the Elven Halls.
You worshipped Vehumet.
Vehumet was exalted by your worship.
You were not hungry.
You were a tree.
You visited 5 branches of the dungeon, and saw 29 of its levels.
You visited the Abyss 1 time.

You collected 3164 gold pieces.
You spent 1215 gold pieces at shops.

Inventory:

Armour
 k - a +3 leather armour of poison resistance (melded)
 n - a +1 helmet of intelligence (melded)
 s - the +0 hat "Sujesug" {SInv}
   (You found it on level 1 of the Elven Halls)

   It lets you see invisible.
 C - a +2 pair of gloves of strength (melded)
 O - a +1 pair of boots of running (melded)
 P - a +2 cloak (melded)
Magical Staves
 q - an uncursed staff of air
 G - an uncursed staff of earth
 N - an uncursed staff of wizardry (weapon)
Jewellery
 v - an uncursed ring of fire
 x - a +4 ring of protection
 B - a ring of magical power (right branch)
 H - a +5 ring of intelligence (left branch)
 R - an uncursed ring of poison resistance
Wands
 E - a wand of digging (14)
 Q - a wand of slowing (5)
 Z - a wand of heal wounds (5)
Scrolls
 i - 4 scrolls of teleportation
 m - 2 scrolls of blinking
 p - 2 scrolls of fog
 w - a scroll of summoning
 z - 5 scrolls of identify
 A - 7 scrolls of magic mapping
 D - a scroll of brand weapon {unknown}
 J - a scroll of recharging
 L - 10 scrolls of remove curse
 W - 4 scrolls of enchant weapon
Potions
 d - 3 potions of curing
 e - 3 potions of flight
 f - 7 potions of might
 h - 3 potions of lignification
 o - 3 potions of resistance
 u - 5 potions of agility
 M - a potion of haste
 T - 2 potions of invisibility
 Y - a potion of magic
Books
 b - a book of Conjurations

   Spells                             Type                      Level
   a - Magic Dart                     Conjuration                  1
   b - Searing Ray                    Conjuration                  2
   c - Dazzling Spray                 Conjuration/Hexes            3
   d - Fulminant Prism                Conjuration/Hexes            4
   e - Iskenderun's Mystic Blast      Conjuration                  4
   f - Iskenderun's Battlesphere      Conjuration/Charms           5
 l - the Almanac of the Escort and Augmentations
   (You found it on level 1 of the Lair of Beasts)

   Spells                             Type                      Level
   a - Ozocubu's Armour               Charms/Ice                   3
   b - Spectral Weapon                Hexes/Charms                 3
   c - Call Canine Familiar           Summoning                    3
   d - Aura of Abjuration             Summoning                    5
   e - Shadow Creatures               Summoning                    5
 t - a book of Fire

   Spells                             Type                      Level
   a - Ignite Poison                  Fire/Transmutation/Poison    3
   b - Fireball                       Conjuration/Fire             5
   c - Bolt of Fire                   Conjuration/Fire             6
   d - Delayed Fireball               Conjuration/Fire             7
   e - Ring of Flames                 Charms/Fire                  7
 y - a book of Cantrips

   Spells                             Type                      Level
   a - Corona                         Hexes                        1
   b - Animate Skeleton               Necromancy                   1
   c - Summon Small Mammal            Summoning                    1
   d - Apportation                    Translocation                1
 F - a book of the Sky

   Spells                             Type                      Level
   a - Summon Lightning Spire         Summoning/Air                4
   b - Airstrike                      Air                          4
   c - Silence                        Hexes/Air                    5
   d - Deflect Missiles               Charms/Air                   6
   e - Conjure Ball Lightning         Conjuration/Air              6
   f - Tornado                        Air                          9
 I - a book of the Warp

   Spells                             Type                      Level
   a - Recall                         Summoning/Translocation      3
   b - Gell's Gravitas                Hexes/Translocation          3
   c - Force Lance                    Conjuration/Translocation    4
   d - Phase Shift                    Translocation                5
   e - Warp Weapon                    Charms/Translocation         5
   f - Summon Forest                  Summoning/Translocation      5
 S - a book of Maledictions

   Spells                             Type                      Level
   a - Corona                         Hexes                        1
   b - Ensorcelled Hibernation        Hexes/Ice                    2
   c - Confuse                        Hexes                        3
   d - Tukima's Dance                 Hexes                        3
   e - Dazzling Spray                 Conjuration/Hexes            3
 U - an Akashic Record

   Spells                             Type                      Level
   a - Dispersal                      Translocation                6
   b - Malign Gateway                 Summoning/Translocation      7
   c - Disjunction                    Translocation                8
   d - Controlled Blink               Translocation                8
 V - a book of Hinderance

   Spells                             Type                      Level
   a - Confusing Touch                Hexes                        2
   b - Confuse                        Hexes                        3
   c - Gell's Gravitas                Hexes/Translocation          3
   d - Petrify                        Transmutation/Earth          4
   e - Metabolic Englaciation         Hexes/Ice                    5
Comestibles
 a - 7 fruits
 c - 16 bread rations
 g - 8 meat rations
 j - 11 slices of pizza
 K - 7 beef jerkies
 X - 14 royal jellies


   Skills:
 - Level 5.0 Fighting
 - Level 4.0 Armour
 - Level 8.0 Dodging
 - Level 6.1 Stealth
 - Level 20.0 Spellcasting
 - Level 12.0 Conjurations
 - Level 3.0 Hexes
 - Level 12.0 Charms
 - Level 4.1 Translocations
 - Level 18.0 Fire Magic
 + Level 3.8 Air Magic
 - Level 4.0 Evocations


You had 7 spell levels left.
You knew the following spells:

 Your Spells              Type           Power        Failure   Level  Hunger
a - Magic Dart            Conj           ####         0%          1    None
b - Deflect Missiles      Chrm/Air       ######....   4%          6    None
d - Iskenderun's Battles  Conj/Chrm      #######.     1%          5    None
f - Inner Flame           Hex/Fire       #######.     1%          3    None
g - Tukima's Dance        Hex            ######..     1%          3    None
h - Force Lance           Conj/Tloc      ######..     1%          4    None
i - Fireball              Conj/Fire      #######...   1%          5    None
j - Bolt of Fire          Conj/Fire      #######...   1%          6    None
k - Delayed Fireball      Conj/Fire      N/A          1%          7    ##.....
l - Ring of Flames        Chrm/Fire      #######...   1%          7    ##.....
m - Iron Shot             Conj/Erth      ######....   1%          6    None


Dungeon Overview and Level Annotations

Branches:
Dungeon (15/15)            Temple (1/1) D:5            Lair (8/8) D:8
  Swamp (0/4) Lair:5        Snake (0/4) Lair:4        Slime (0/6) Lair:6
    Orc (4/4) D:10            Elf (1/3) Orc:3        Vaults (0/5) D:13
 Depths (0/5) D:15

Altars:
Ashenzari
Cheibriados
Dithmenos
Elyvilon
Fedhas
Gozag
Kikubaaqudgha
Makhleb
Nemelex Xobeh
Okawaru
Qazlal
Ru
Sif Muna
Trog
Vehumet
Xom
Yredelemnul
Zin
The Shining One
Beogh
Jiyva

Shops:
D:5 =   D:8 [   D:9 :?   D:14 :   D:15 *   Orc:2 (*}[   Orc:4 %!*=[

Annotations:
Elf:1 Aizul


Innate Abilities, Weirdness & Mutations

((You are partially covered in yellow scales (AC +2).))


Message History

The deep elf conjurer completely misses you.
Aizul coils himself and waves his upper body at you.
You fall asleep.
You feel sick.
Aizul says, "I wasn't actually sleeping!"
Aizul hits you!
You wake up.
* * * LOW HITPOINT WARNING * * *
The deep elf conjurer hits you but does no damage.
Drink which item? (? for menu, Esc to quit)
Okay, then.
Read which item? (? for menu, Esc to quit)
You cannot teleport because you are held in place by your roots.
You hit Aizul but do no damage.
Aizul is severely wounded.
You feel sick. Aizul hits you but does no damage.
Aizul hits you but does no damage.
The deep elf conjurer hits you but does no damage.
The deep elf priest calls down the wrath of its god upon you.
Something smites you!
You die...

#.......#
#.......#
#.......#
##*.....##
##e#.....#
##.####+#+#
##e## ##e##
#♣## #S##
.e#


.Poe ..P.P ...P. #..% ##!. You could see Aizul (inner flame), a deep elf
conjurer, a deep elf priest, a deep elf fighter, 2 deep elf magi and an orc
priest.

Vanquished Creatures
  Gastronok (Lair:2)
  Donald (Orc:4)
  Maud (D:13)
  The ghost of septik the Warrior, a journeyman MiBe of Trog (Orc:4)
  An ettin (D:15)
  A vault guard (D:13)
  10 hydras
  2 catoblepae
  2 ice dragons
  An anaconda (D:15)
  4 centaur warriors
  A ghost crab (shapeshifter) (D:14)
  4 ogre magi (D:15)
  A tengu warrior (D:15)
  A deep troll shaman (Lair:8)
  17 death yaks
  3 orc high priests (Orc:4)
  2 unseen horrors
  An iron troll (D:13)
  A naga ritualist (D:15)
  7 hill giants
  A wizard (D:15)
  2 deep elf summoners (Elf:1)
  An ice statue (Lair:1)
  Pikel (D:7)
  A lindwurm (Lair:8)
  A wolf spider zombie (D:13)
  2 deep elf conjurers (Elf:1)
  5 orc knights
  3 orc sorcerers (Orc:4)
  5 cyclopes
  20 ugly things
  Maurice (Orc:2)
  12 elephants
  2 manticores
  12 spiny frogs
  Psyche (D:11)
  3 torpor snails
  A gargoyle (D:15)
  8 black mambas
  3 centaur skeletons
  2 kobold demonologists
  A yaktaur (D:15)
  A queen bee (Lair:8)
  3 fire drakes (Lair:8)
  10 komodo dragons
  A troll (shapeshifter) (D:11)
  6 polar bears
  2 efreet
  A deep elf priest (Elf:1)
  5 two-headed ogres
  8 trolls
  Prince Ribbit (Lair:3)
  A boulder beetle (Lair:8)
  A boulder beetle (shapeshifter) (D:15)
  12 blink frogs
  A trapdoor spider zombie (D:13)
  3 shadows
  7 deep elf magi
  4 vampire mosquitoes (D:13)
  A hippogriff (shapeshifter) (D:11)
  A trapdoor spider (D:11)
  2 hungry ghosts
  2 deep elf fighters
  2 basilisks
  2 humans
  A steam dragon (D:12)
  12 hippogriffs
  79 yaks
  35 wolves
  2 wyverns
  3 wargs
  3 nagas (Lair:4)
  16 water moccasins
  9 porcupines
  An eye of draining (D:14)
  26 orc warriors
  4 sky beasts
  2 black bears
  A phantom (D:13)
  8 necrophages
  11 ice beasts
  25 ogres
  8 centaurs
  A brain worm (Lair:4)
  22 crocodiles
  2 big kobolds
  29 giant frogs
  A gnoll sergeant (D:11)
  A water moccasin skeleton (D:10)
  5 scorpions
  16 wights
  25 killer bees
  2 quasits
  7 crimson imps
  9 hounds
  3 centaur zombies
  2 giant frog zombies
  An electric eel (Lair:5)
  Crazy Yiuf (D:7)
  29 orc priests
  Ijyb (D:3)
  7 iguanas
  4 jellies
  9 worker ants
  A giant frog skeleton (D:13)
  11 hell rats (Lair:4)
  26 orc wizards
  17 sheep
  2 worker ant zombies (D:11)
  2 hound skeletons
  49 river rats
  6 gnolls (D:11)
  5 shadow imps
  15 adders
  A white imp (Lair:1)
  4 oozes
  2 worms
  An adder skeleton (D:7)
  6 giant geckos
  193 orcs
  5 bats
  6 giant cockroaches
  6 goblins
  7 hobgoblins
  5 quokkas
  A ball python (D:5)
  A giant gecko skeleton (D:6)
  6 giant newts
  A goblin skeleton (D:4)
  2 goblin zombies (D:4)
  3 hobgoblin zombies (D:4)
  A jackal skeleton (D:5)
  13 kobolds
  2 kobold zombies (D:4)
  3 orc zombies (D:4)
  21 rats
  A butterfly (Lair:4)
  2 fungi (Lair:7)
  8 plants
1086 creatures vanquished.

Vanquished Creatures (collateral kills)
  Saint Roka (Orc:4)
  3 orc knights
  A hill giant (D:11)
  8 orc warriors
  2 orc priests
  An orc wizard (D:11)
  4 orcs
20 creatures vanquished.

Vanquished Creatures (others)
  5 dancing weapons
  A wyvern (D:7)
  A wasp (D:11)
  4 slaves (D:7)
  A jelly (D:11)
  An iguana (D:7)
  An orc wizard (D:7)
  An adder (D:7)
  2 orcs
  A bush (Lair:6)
  16 fungi
  27 plants
61 creatures vanquished.

Grand Total: 1167 creatures vanquished

Notes
Turn   | Place    | Note
--------------------------------------------------------------
     0 | D:1      | tp1 the Deep Elf Conjurer began the quest for the Orb.
     0 | D:1      | Reached XP level 1. HP: 10/10 MP: 6/6
   101 | D:1      | Reached XP level 2. HP: 15/15 MP: 1/9
  1143 | D:2      | Learned a level 2 spell: Searing Ray
  1206 | D:2      | Reached skill level 5 in Spellcasting
  1206 | D:2      | Reached XP level 3. HP: 19/19 MP: 6/11
  2421 | D:2      | Learned a level 3 spell: Dazzling Spray
  2505 | D:3      | Found a shadowy altar of Dithmenos.
  2593 | D:3      | Noticed Ijyb
  2597 | D:3      | Killed Ijyb
  2597 | D:3      | Reached skill level 6 in Spellcasting
  2597 | D:3      | Reached XP level 4. HP: 24/24 MP: 5/14
  2678 | D:3      | Found an iron altar of Okawaru.
  2685 | D:3      | Found a snail-covered altar of Cheibriados.
  2690 | D:3      | Found a deep blue altar of Sif Muna.
  2691 | D:3      | Found a glowing golden altar of the Shining One.
  3066 | D:3      | Noticed a scorpion
  3074 | D:3      | Killed a scorpion
  3074 | D:3      | Reached skill level 7 in Spellcasting
  3074 | D:3      | Reached XP level 5. HP: 19/28 MP: 7/16
  3369 | D:3      | Learned a level 5 spell: Iskenderun's Battlesphere
  3374 | D:3      | Learned a level 4 spell: Iskenderun's Mystic Blast
  3619 | D:3      | Found a shadowy altar of Dithmenos.
  3752 | D:3      | Found an iron altar of Okawaru.
  3759 | D:3      | Found a snail-covered altar of Cheibriados.
  3763 | D:3      | Found a deep blue altar of Sif Muna.
  3764 | D:3      | Found a glowing golden altar of the Shining One.
  4177 | D:4      | Noticed an ogre
  4241 | D:4      | Noticed a hungry ghost
  4482 | D:4      | Found a glowing golden altar of the Shining One.
  4510 | D:4      | Reached skill level 5 in Conjurations
  4729 | D:4      | Reached skill level 1 in Charms
  4730 | D:4      | Reached XP level 6. HP: 28/32 MP: 12/18
  4940 | D:4      | Killed an ogre
  5011 | D:4      | Killed a hungry ghost
  5011 | D:4      | Reached XP level 7. HP: 36/36 MP: 10/19
  5136 | D:4      | Found a glowing golden altar of the Shining One.
  5539 | D:5      | Entered Level 5 of the Dungeon
  5608 | D:5      | Found a staircase to the Ecumenical Temple.
  5616 | Temple   | Entered the Ecumenical Temple
  5984 | D:5      | Found Jintusy's Jewellery Boutique.
  6366 | D:5      | Found a staircase to the Ecumenical Temple.
  6512 | D:5      | Found Jintusy's Jewellery Boutique.
  6906 | D:6      | Reached skill level 5 in Dodging
  7119 | D:6      | Reached skill level 1 in Armour
  7131 | D:6      | Reached XP level 8. HP: 41/41 MP: 12/21
  7303 | D:6      | Reached skill level 1 in Fighting
  7606 | D:6      | Reached skill level 8 in Spellcasting
  8851 | D:7      | Found a radiant altar of Vehumet.
  8862 | D:7      | Became a worshipper of Vehumet
  8958 | D:7      | Noticed Pikel
  8966 | D:7      | Killed Pikel
  8966 | D:7      | Reached skill level 10 in Spellcasting
  8966 | D:7      | Reached XP level 9. HP: 38/51 MP: 15/25
  9199 | D:7      | Noticed Crazy Yiuf
  9205 | D:7      | Killed Crazy Yiuf
  9349 | D:7      | Found a shattered altar of Ashenzari.
  9413 | D:7      | Reached skill level 11 in Spellcasting
  9738 | D:7      | Reached skill level 12 in Spellcasting
  9798 | D:7      | Reached * piety under Vehumet
  9798 | D:7      | Offered knowledge of Freeze by Vehumet.
  9811 | D:8      | Found Keuxas's Antique Armour Boutique.
  9831 | D:8      | Found a staircase to the Lair.
  9850 | D:8      | Bought a pair of embroidered boots for 126 gold pieces
  9855 | D:8      | Identified a +0 pair of boots of running (You bought it in a shop on level 8 of the Dungeon)
 10085 | D:8      | Reached skill level 5 in Stealth
 10192 | D:8      | Reached skill level 1 in Hexes
 10416 | D:9      | Noticed a centaur warrior
 10567 | D:9      | Killed a centaur warrior
 10567 | D:9      | Reached XP level 10. HP: 31/56 MP: 5/28
 10705 | D:9      | Reached skill level 1 in Evocations
 10716 | D:9      | Reached ** piety under Vehumet
 10717 | D:9      | Offered knowledge of Throw Frost by Vehumet.
 10740 | D:9      | Found a burning altar of Makhleb.
 10906 | D:9      | Found Deimeuze's Book Emporium.
 10979 | D:9      | Found Jiykkile's Magic Scroll Shoppe.
 10983 | D:9      | Bought a scroll of amnesia for 52 gold pieces
 10983 | D:9      | Bought a scroll of remove curse for 45 gold pieces
 10983 | D:9      | Bought a scroll of magic mapping for 52 gold pieces
 10983 | D:9      | Bought a scroll of identify for 30 gold pieces
 11454 | D:9      | Found Jiykkile's Magic Scroll Shoppe.
 11499 | D:9      | Found a burning altar of Makhleb.
 11635 | D:9      | Found Deimeuze's Book Emporium.
 11924 | D:10     | Entered Level 10 of the Dungeon
 12054 | D:10     | Reached skill level 10 in Conjurations
 12072 | D:10     | Offered knowledge of Inner Flame by Vehumet.
 12247 | D:10     | Found a staircase to the Orcish Mines.
 12360 | D:10     | Reached *** piety under Vehumet
 12369 | D:10     | Learned a level 3 spell: Inner Flame
 12794 | D:10     | Reached skill level 1 in Fire Magic
 12921 | D:10     | Killed an unseen horror
 12921 | D:10     | Reached XP level 11. HP: 37/60 MP: 17/29
 13055 | Orc:1    | Entered Level 1 of the Orcish Mines
 13291 | Orc:1    | Learned a level 3 spell: Tukima's Dance
 13310 | Orc:1    | Offered knowledge of Force Lance by Vehumet.
 13395 | Orc:1    | Learned a level 4 spell: Force Lance
 13671 | Orc:2    | Found Wyshroigu's Weapon Shoppe.
 13681 | Orc:2    | Reached **** piety under Vehumet
 13686 | Orc:2    | Reached skill level 5 in Fire Magic
 13710 | Orc:2    | Offered knowledge of Venom Bolt by Vehumet.
 13857 | Orc:2    | Found Eqeerch Yroim's General Store.
 13950 | Orc:2    | Noticed Maurice
 13973 | Orc:2    | Killed Maurice
 14004 | Orc:2    | Found Guv Fatt's Antique Armour Shoppe.
 14026 | Orc:2    | Found a frozen archway.
 14034 | Orc:2    | Noticed an ice dragon
 14339 | Orc:3    | Found a staircase to the Elven Halls.
 14365 | Orc:3    | Reached ***** piety under Vehumet
 14418 | Orc:3    | Offered knowledge of Poison Arrow by Vehumet.
 14701 | Orc:3    | Found a bloodstained altar of Trog.
 14994 | Orc:2    | Killed an ice dragon
 15109 | Orc:2    | Found Otisuiplas's Gadget Shop.
 15259 | D:9      | Bought a book of Fire for 910 gold pieces
 15265 | D:9      | Learned a level 5 spell: Fireball
 15329 | Lair:1   | Entered Level 1 of the Lair of Beasts
 15502 | Lair:1   | Noticed an ice dragon
 15545 | Lair:1   | Killed an ice dragon
 15726 | Lair:1   | Found a shadowy altar of Dithmenos.
 16015 | Lair:1   | Found a dark tunnel.
 16115 | Lair:1   | Noticed an ice statue
 16120 | Lair:1   | Killed an ice statue
 16128 | Lair:1   | Identified the Almanac of the Escort and Augmentations (You found it on level 1 of the Lair of Beasts)
 16312 | Lair:1   | Reached skill level 10 in Fire Magic
 16419 | Lair:1   | Reached XP level 12. HP: 66/66 MP: 16/30
 16545 | Lair:2   | Noticed a seven-headed hydra
 16552 | Lair:2   | Killed a seven-headed hydra
 16752 | Lair:2   | Noticed Gastronok
 17587 | Lair:3   | Noticed Prince Ribbit
 17591 | Lair:3   | Reached skill level 13 in Spellcasting
 17595 | Lair:3   | Killed Prince Ribbit
 17929 | Lair:3   | Learned a level 6 spell: Bolt of Fire
 18424 | Lair:4   | Noticed a four-headed hydra
 18428 | Lair:4   | Killed a four-headed hydra
 18428 | Lair:4   | Reached skill level 14 in Spellcasting
 18773 | Lair:4   | Reached skill level 15 in Spellcasting
 18937 | Lair:4   | Offered knowledge of Ozocubu's Refrigeration by Vehumet.
 19000 | Lair:4   | Found a staircase to the Snake Pit.
 20501 | Lair:4   | Reached skill level 16 in Spellcasting
 20687 | Lair:4   | Found a staircase to the Snake Pit.
 20778 | Lair:5   | Noticed a four-headed hydra
 20780 | Lair:5   | Killed a four-headed hydra
 20780 | Lair:5   | Reached XP level 13. HP: 70/70 MP: 17/35
 21006 | Lair:5   | Reached skill level 17 in Spellcasting
 21282 | Lair:5   | Found a staircase to the Swamp.
 21362 | Lair:5   | Noticed a seven-headed hydra
 21740 | Lair:5   | Killed a seven-headed hydra
 21813 | Lair:5   | Reached skill level 18 in Spellcasting
 22090 | Lair:5   | Learned a level 7 spell: Delayed Fireball
 22098 | Lair:5   | Learned a level 7 spell: Ring of Flames
 22139 | Lair:5   | Found a staircase to the Swamp.
 22987 | Lair:2   | Killed Gastronok
 23326 | Orc:2    | Reached skill level 10 in Charms
 23391 | Orc:2    | Found a roughly hewn altar of Beogh.
 23499 | Orc:4    | Entered Level 4 of the Orcish Mines
 23513 | Orc:4    | Noticed septik's ghost (journeyman MiBe)
 24032 | Orc:1    | Offered knowledge of Spellforged Servitor by Vehumet.
 25431 | D:11     | Found a stormy altar of Qazlal.
 25843 | D:11     | Reached XP level 14. HP: 65/76 MP: 33/38
 25918 | D:11     | Offered knowledge of Bolt of Cold by Vehumet.
 26198 | D:11     | Noticed Psyche
 26202 | D:11     | Killed Psyche
 28249 | D:13     | Found a gate to the Vaults.
 28434 | D:13     | Offered knowledge of Conjure Ball Lightning by Vehumet.
 28579 | D:13     | Noticed Maud
 28760 | D:13     | Killed Maud
 30035 | D:13     | Reached skill level 19 in Spellcasting
 30506 | D:14     | Found Kuliryor's Book Emporium.
 31696 | D:15     | Entered Level 15 of the Dungeon
 31710 | D:15     | Found a shattered altar of Ashenzari.
 31797 | D:15     | Reached XP level 15. HP: 75/80 MP: 20/40
 32257 | D:15     | Found a staircase to the Depths.
 32709 | Orc:4    | Noticed Donald
 32837 | Orc:4    | Killed Donald
 32843 | Orc:4    | Noticed Saint Roka
 33099 | Orc:4    | Killed Saint Roka
 33947 | Orc:4    | Found Evaatunaff's Food Emporium.
 35009 | Lair:6   | Offered knowledge of Iron Shot by Vehumet.
 35034 | Lair:6   | Reached skill level 15 in Fire Magic
 35173 | Lair:6   | Learned a level 6 spell: Iron Shot
 35406 | Lair:6   | Found a viscous altar of Jiyva.
 35407 | Lair:6   | Found a staircase to the Slime Pits.
 35688 | Lair:6   | Reached skill level 5 in Fighting
 35954 | Lair:6   | Identified a -2 rod of clouds (11/11) (You found it on level 6 of the Lair of Beasts)
 36864 | Lair:7   | Reached ****** piety under Vehumet
 36959 | Lair:7   | Reached skill level 20 in Spellcasting
 37089 | Lair:7   | Offered knowledge of Poisonous Cloud by Vehumet.
 37544 | Lair:8   | Entered Level 8 of the Lair of Beasts
 37554 | Lair:8   | Identified a scroll of acquirement
 38580 | Lair:8   | Reached XP level 16. HP: 38/87 MP: 35/42
 39037 | Lair:8   | Gained mutation: You are partially covered in yellow scales (AC +2). [potion of beneficial mutation]
 39078 | Lair:8   | Offered knowledge of Glaciate by Vehumet.
 39078 | Lair:8   | Offered knowledge of Shatter by Vehumet.
 39078 | Lair:8   | Offered knowledge of Chain Lightning by Vehumet.
 40530 | Orc:4    | Killed septik's ghost
 41232 | Orc:4    | Found Duhufenu's Distillery.
 41232 | Orc:4    | Found Vesiw's Antique Armour Shoppe.
 41235 | Orc:4    | Found Lemaro Ramu's Assorted Antiques.
 41235 | Orc:4    | Found Gelyura's Jewellery Shoppe.
 41450 | Orc:4    | Upgraded the game from 0.17-a0-2171-ga91b4ec to 0.17-a0-2208-ge5ab1d3
 41583 | Elf:1    | Entered Level 1 of the Elven Halls
 42436 | D:15     | Learned a level 6 spell: Deflect Missiles
 42532 | D:15     | Reached skill level 1 in Air Magic
 42964 | D:15     | Found Geegg's Serpentskin Sales.
 43214 | D:15     | Cast into the Abyss (a wizard)
 43312 | D:15     | Escaped the Abyss
 43739 | D:15     | Found Geegg's Serpentskin Sales.
 43927 | D:15     | Found a staircase to the Depths.
 44403 | Elf:1    | Got a twisted hat
 44414 | Elf:1    | Identified the +0 hat "Sujesug" {SInv} (You found it on level 1 of the Elven Halls)
 44497 | Elf:1    | Noticed Aizul
 44519 | Elf:1    | Killed from afar by a deep elf priest

Vault maps used:
D:1:      tarquinn_simple_flora_water_f, item_on_display_a
D:3:      grunt_dithmenos_smoke_and_mirrors, minitemple,
          kennysheep_generic_room_8, uniq_iyjb
D:4:      first_bread, nicolae_tso_besieged_by_evil
D:5:      minmay_temple_entry_trees, serial_shops, nicolae_shop_crystal
D:6:      lemuel_ice_spiral_2, roderic_lattice_a
D:7:      kennysheep_mini_moat, fiery_altar_vehumet, grunt_livestock,
          uniq_crazy_yiuf_cottage, uniq_pikel
D:8:      lair_0_dummy, serial_shops, shop_fountains
D:9:      basic_altar, serial_shops, nicolae_shop_behind_doors, shop_fountains
D:10:     erik_orc_4, serial_bayou_pond_e
D:11:     hangedman_cross_cluster, special_room, uniq_psyche
D:12:     lemuel_flame_loot_2
D:13:     david_vaults_4, lab_entry_generic, uniq_maud
D:14:     hangedman_abyss_or_decor_passed, serial_shops, shop,
          grunt_decor_fettered, hangedman_decor_push
D:15:     hangedman_depths_entry_civil_slaughter, nicolae_ashenzari_panopticon,
          guppyfry_shop_venom
Temple:   circular_temple_12
Lair:1:   nicolae_volcano_entry_s_turn, basic_altar, ice2_lemuel
Lair:2:   uniq_gastronok
Lair:3:   uniq_prince_ribbit2
Lair:4:   lemuel_ratsnest, minmay_snake_entry_guardpost_medium, minivault_11,
          serial_bayou_shore_a, lemuel_fruit_fields, lemuel_fruit_fields
Lair:5:   swamp_mist, grunt_megastairs_3, infiniplex_staircase_pool
Lair:6:   dpeg_slime_entry_enclosed_altar, wad_woods_06, grunt_megastairs_4,
          serial_bayou_shore_b
Lair:7:   roderic_carrion_pond, grunt_megastairs_5
Lair:8:   grunt_lair_end_beastmaster, special_room, serial_bayou_lagoon_a
Orc:2:    nicolae_orc_accident_2, portal_ice_cave_entry_animals_and_master,
          serial_shops, shop_fountains, shop_fountains, shop_fountains,
          nicolae_shop_trees, uniq_maurice
Orc:3:    nicolae_orc_pool_cavern, bloody_trog
Orc:4:    grunt_orc_tribal_feast, serial_shops, shop, uniq_donald,
          uniq_saint_roka
Elf:1:    serial_shops, shop, hangedman_corner_corridor, uniq_aizul

Action                   |  1- 3 |  4- 6 |  7- 9 | 10-12 | 13-15 | 16-18 || total
-------------------------+-------+-------+-------+-------+-------+-------++-------
Melee: Dagger            |       |       |       |    18 |       |       ||    18
       Unarmed           |       |       |       |       |     1 |       ||     1
       Staff             |       |       |       |       |       |     4 ||     4
 Cast: Magic Dart        |    50 |    68 |   104 |   416 |   303 |    66 ||  1007
       Searing Ray       |     8 |    12 |    31 |    58 |    22 |       ||   131
       Iskenderun's Myst |       |     5 |     1 |     2 |     2 |       ||    10
       Iskenderun's Batt |       |     4 |    35 |   105 |    90 |    13 ||   247
       Fireball          |       |       |       |    22 |    15 |       ||    37
       Tukima's Dance    |       |       |       |     5 |    26 |    12 ||    43
       Force Lance       |       |       |       |     5 |    17 |       ||    22
       Inner Flame       |       |       |       |     2 |    36 |    21 ||    59
       Bolt of Fire      |       |       |       |    18 |   288 |    63 ||   369
       Ring of Flames    |       |       |       |       |    10 |       ||    10
       Delayed Fireball  |       |       |       |       |     1 |       ||     1
       Iron Shot         |       |       |       |       |    26 |    76 ||   102
 Abil: Release Delayed F |       |       |       |       |     1 |       ||     1
Evoke: Wand              |       |       |       |     2 |     1 |       ||     3
  Use: Scroll            |       |       |    14 |    11 |    22 |     2 ||    49
       Potion            |       |       |       |     7 |     3 |     9 ||    19
  Eat: Chunk             |     5 |     8 |    15 |    26 |    42 |     9 ||   105
       Fruit             |       |       |     3 |     2 |     8 |     3 ||    16
       Meat ration       |       |       |     1 |       |     1 |       ||     2
       Bread ration      |       |       |       |     1 |       |       ||     1
       Royal jelly       |       |       |       |       |     1 |       ||     1
       Beef jerky        |       |       |       |       |       |     1 ||     1
